 Dungeon Crawl Stone Soup version 0.22.1-1-ga44c0e56f4 (webtiles) character file.

14311 Peloso the Carver (level 11, -10/97 HPs)
             Began as a Minotaur Fighter on Oct 31, 2018.
             Was a High Priest of Okawaru.
             Killed from afar by a starcursed mass (13 damage)
             ... with an accursed screaming
             ... on level 1 of the Abyss.
             The game lasted 00:25:26 (9854 turns).

Peloso the Carver (Minotaur Fighter)                Turns: 9854, Time: 00:25:27

Health: -10/97     AC: 19    Str: 22    XL:     11   Next: 87%
Magic:  10/10      EV:  8    Int:  5    God:    Okawaru [*****.]
Gold:   818        SH: 14    Dex: 12    Spells: 10/10 levels left

rFire    . . .     SeeInvis .   a - +1 long sword
rCold    . . .     Gourm    .   c - +1 shield
rNeg     . . .     Faith    .   b - +0 plate armour
rPois    +         Spirit   .   (helmet restricted)
rElec    .         Reflect  .   r - +0 cloak
rCorr    .         Harm     .   P - +2 pair of gloves
MR       +....                  (no boots)
Stlth    ..........             (no amulet)
HPRegen  0.26/turn              s - ring of poison resistance
MPRegen  0.12/turn              E - ring of protection from magic

@: no status effects
A: retaliatory headbutt, horns 2
a: Heroism, Finesse, Renounce Religion


You were on level 1 of the Abyss.
You worshipped Okawaru.
Okawaru was extremely pleased with you.
You were near starving.

You visited 2 branches of the dungeon, and saw 12 of its levels.
You visited the Abyss 1 time.
You also visited: Ossuary.

You collected 968 gold pieces.
You spent 150 gold pieces at shops.

Inventory:

Hand Weapons
 a - a +1 long sword (weapon)
 B - the +8 shortbow of Defenestration {venom, Str+2, unknown}
   (You found it on level 8 of the Dungeon)

   It poisons the ammo it fires.
   It affects your strength (+2).
 I - a +1 hand axe of flaming
Armour
 b - a +0 plate armour (worn)
 c - a +1 shield (worn)
 k - the +1 chain mail of the King of the Hill {rF+ Str-5 Int+2}
   (Okawaru gifted it to you on level 1 of the Abyss)

   It affects your strength (-5).
   It affects your intelligence (+2).
   It protects you from fire.
 r - a +0 cloak (worn)
 y - the +0 ring mail "Noshrawni" {Str+4}
   (You found it on level 4 of the Dungeon)

   It affects your strength (+4).
 P - a +2 pair of gloves (worn)
Jewellery
 s - a ring of poison resistance (left hand)
 E - a ring of protection from magic (right hand)
 F - a +4 ring of intelligence
Wands
 x - a wand of random effects (10)
 z - a wand of polymorph (14)
 D - a wand of enslavement (7)
 J - a wand of paralysis (19)
 O - a wand of disintegration (2)
 R - a wand of iceblast (4)
Scrolls
 e - 2 scrolls of teleportation
 g - 3 scrolls of fear
 i - 3 scrolls of enchant weapon
 j - 2 scrolls of enchant armour
 o - a scroll of blinking
 q - 7 scrolls of remove curse
 u - 8 scrolls of amnesia
 G - a scroll of summoning {unknown}
 H - a scroll of acquirement
 L - 2 scrolls of noise
 M - a scroll of torment {unknown}
 N - 2 scrolls of identify
 S - a scroll of fog
Potions
 d - 3 potions of might
 h - 7 potions of curing
 l - a potion of resistance
 m - 4 potions of brilliance
 n - 2 potions of cancellation
 p - 2 potions of agility
 t - a potion of mutation
 v - 3 potions of magic
 w - 3 potions of invisibility
 A - 3 potions of haste
 C - 3 potions of berserk rage {unknown}
 K - a potion of ambrosia
Miscellaneous
 Q - a box of beasts
Comestibles
 f - 19 rations


   Skills:
 + Level 9.4 Fighting
 + Level 12.8 Long Blades
 + Level 2.0 Axes
 + Level 10.7 Armour
 + Level 5.1 Dodging
 + Level 2.7 Stealth
 + Level 11.8 Shields
 + Level 1.0 Invocations
 + Level 1.2 Evocations


You had 10 spell levels left.
You didn't know any spells.
Your spell library contained the following spells:

 Spells                   Type           Power        Failure   Level  Hunger
 Magic Dart               Conj           #...         100%        1    ##.....
 Searing Ray              Conj           #.....       100%        2    ###....
 Dazzling Spray           Conj/Hex       #.....       100%        3    ####...
 Force Lance              Conj/Tloc      #.......     100%        4    #####..
 Fulminant Prism          Conj/Hex       #.........   100%        4    #####..
 Iskenderun's Mystic Bla  Conj           #.......     100%        4    #####..


Dungeon Overview and Level Annotations

Branches:
Dungeon (11/15)            Temple (1/1) D:6            Lair (0/6) D:8
    Orc (0/2) D:10

Altars:
Ashenzari
Cheibriados
Dithmenos
Elyvilon
Fedhas
Gozag
Hepliaklqana
Kikubaaqudgha
Makhleb
Okawaru
Qazlal
Ru
Sif Muna
Uskayaw
Vehumet
Xom
Yredelemnul

Shops:
D:6 !   D:10 ([   D:11 [


Innate Abilities, Weirdness & Mutations

You reflexively headbutt those who attack you in melee.
You have a pair of horns on your head.


Message History

The efreet gestures at you. The bolt of fire hits you!
* * * LOW HITPOINT WARNING * * *
You hit the efreet but do no damage.
The efreet is moderately wounded.
The starcursed mass closely misses you.
Unknown command.
Unknown command.
You hit the efreet.
The efreet is moderately wounded.
The efreet hits you with a scimitar of flaming!
* * * LOW HITPOINT WARNING * * *
The efreet burns you.
* * * LOW HITPOINT WARNING * * *
A deafening chorus of shrieks assaults your mind!
* * * LOW HITPOINT WARNING * * *
You hit the efreet but do no damage.
The efreet is moderately wounded.
A deafening chorus of shrieks assaults your mind!
You die...

# ## .##.. #.# . .#
## .#.# #..# ..## .#
...# R...# ...X##. ##
.##.. ..# .
##.####R.# # #..##
..#.##.@# #
###..X.XX#..#X#.....#
..#..#X#.##..#.#....#
#...##X#.#.#.##.# #.
# ##.# #X#.#....# .
.# ##..XXX##...... #
....#.#### ##......
#...... ... .##### #
##..## # # .


You could see 6 starcursed masses and an efreet.

Vanquished Creatures
  2 hydras
  2 two-headed ogres
  2 unseen horrors (D:10)
  A manticore (D:11)
  2 worldbinders (Abyss:1)
  A demonic crawler (Abyss:1)
  A hornet (D:11)
  2 dream sheep (D:9)
  4 hippogriffs
  2 large abominations (Abyss:1)
  Sigmund (D:2)
  A vampire (D:10)
  2 shadows (D:11)
  2 wyverns (D:9)
  A ynoxinul (Abyss:1)
  A neqoxec (Abyss:1)
  11 yaks
  A small abomination (Abyss:1)
  2 water moccasins
  4 ice beasts
  5 orc warriors
  4 sky beasts
  2 phantoms
  A black bear (D:10)
  7 ogres
  A centaur (D:6)
  A crocodile (D:9)
  3 big kobolds (D:9)
  2 bullfrogs
  An elf skeleton (D:8)
  A wyvern skeleton (D:11)
  2 scorpions
  A bullfrog zombie (D:7)
  2 crimson imps
  6 orc priests
  4 hounds
  2 quasits
  2 jellies (D:10)
  2 centaur skeletons (D:11)
  A gnoll shaman (D:8)
  8 orc wizards
  3 iguanas
  2 iron imps (Abyss:1)
  2 human skeletons (D:8)
  6 worker ants
  A big kobold zombie (Ossuary)
  A hound zombie (D:8)
  2 hound skeletons
  8 mummies (Ossuary)
  2 howler monkey zombies
  A howler monkey skeleton (D:7)
  6 gnolls
  10 adders
  A shadow imp (D:7)
  A white imp (Abyss:1)
  2 adder zombies
  2 worms
  2 dart slugs
  8 leopard geckos
  40 orcs
  2 ball pythons
  6 bats
  4 giant cockroaches
  10 hobgoblins
  16 jackals
  4 kobolds
  3 quokkas
  3 frilled lizards
  A gnoll zombie (Ossuary)
  2 goblins
  A hobgoblin zombie (Ossuary)
  A jackal skeleton (D:6)
  3 kobold zombies (Ossuary)
  An orc skeleton (D:8)
  4 orc zombies
  10 rats
274 creatures vanquished.

Vanquished Creatures (others)
  A plant (D:9)
  2 starspawn tentacles (Abyss:1)
3 creatures vanquished.

Grand Total: 277 creatures vanquished

Notes
Turn   | Place    | Note
-------+----------+-------------------------------------------
     0 | D:1      | Peloso the Minotaur Fighter began the quest for the Orb.
     0 | D:1      | Reached XP level 1. HP: 19/19 MP: 0/0
   109 | D:1      | Reached XP level 2. HP: 21/27 MP: 1/1
   253 | D:1      | Reached XP level 3. HP: 30/33 MP: 2/2
   816 | D:2      | Reached skill level 1 in Dodging
  1102 | D:2      | Noticed Sigmund
  1115 | D:2      | Killed Sigmund
  1115 | D:2      | Reached skill level 3 in Long Blades
  1115 | D:2      | Reached skill level 5 in Armour
  1115 | D:2      | Reached XP level 4. HP: 24/41 MP: 3/3
  1115 | D:2      | Reached XP level 5. HP: 28/47 MP: 4/4
  1663 | D:3      | Found a shimmering altar of Xom.
  1888 | D:3      | Found a basalt altar of Yredelemnul.
  1888 | D:3      | Found a stormy altar of Qazlal.
  1890 | D:3      | Found an ancient bone altar of Kikubaaqudgha.
  1890 | D:3      | Found an ancient bone altar of Kikubaaqudgha.
  1890 | D:3      | Found a shadowy altar of Dithmenos.
  2214 | D:4      | Reached skill level 4 in Long Blades
  2214 | D:4      | Reached XP level 6. HP: 53/53 MP: 5/5
  2266 | D:4      | Got a faintly glowing ring mail
  2277 | D:4      | Identified the cursed +0 ring mail "Noshrawni" {Str+4} (You
                  | found it on level 4 of the Dungeon)
  2320 | D:4      | Reached skill level 5 in Shields
  2447 | D:4      | Got a shimmering spear
  2448 | D:4      | Identified the cursed +1 spear of the Exiled Lies {drain,
                  | +Rage MP-9 Int+8 Dex-5} (You found it on level 4 of the
                  | Dungeon)
  2816 | D:5      | Entered Level 5 of the Dungeon
  3000 | D:5      | Noticed an ice beast
  3006 | D:5      | Killed an ice beast
  3006 | D:5      | Reached skill level 5 in Long Blades
  3006 | D:5      | Reached XP level 7. HP: 43/60 MP: 6/6
  3016 | D:5      | You fall through a shaft!
  3016 | D:6      | Found a staircase to the Ecumenical Temple.
  3025 | Temple   | Entered the Ecumenical Temple
  3052 | Temple   | Became a worshipper of Warmaster Okawaru
  3419 | D:6      | Reached skill level 5 in Fighting
  3419 | D:6      | Reached skill level 6 in Long Blades
  3445 | D:6      | Found a radiant altar of Vehumet.
  3470 | D:6      | Found Qeiniy's Distillery.
  3513 | D:6      | Reached XP level 8. HP: 30/68 MP: 7/7
  3524 | D:6      | Reached * piety under Okawaru
  3524 | D:6      | Reached skill level 1 in Stealth
  3709 | D:6      | Reached skill level 7 in Long Blades
  3729 | D:6      | Bought a potion of degeneration for 15 gold pieces
  3736 | D:6      | Bought a potion of heal wounds for 75 gold pieces
  3736 | D:6      | Bought a potion of might for 60 gold pieces
  4142 | D:7      | Noticed a hippogriff
  4171 | D:7      | Killed a hippogriff
  4431 | D:7      | Reached skill level 8 in Long Blades
  4638 | D:7      | Reached ** piety under Okawaru
  4931 | D:8      | Found a staircase to the Lair.
  4956 | D:8      | Got a slimy shortbow
  5051 | D:8      | Reached XP level 9. HP: 50/75 MP: 8/8
  5187 | D:8      | Found an opulent altar of Gozag.
  5308 | D:8      | Found a sand-covered staircase.
  5314 | Ossuary  | Entered an ossuary
  5600 | Ossuary  | Identified a scroll of acquirement
  5684 | D:8      | Reached skill level 9 in Long Blades
  6085 | D:9      | Reached skill level 10 in Long Blades
  6403 | D:9      | Reached *** piety under Okawaru
  7263 | D:9      | Reached **** piety under Okawaru
  7263 | D:9      | Reached XP level 10. HP: 86/86 MP: 9/9
  7449 | D:9      | Noticed a two-headed hydra
  7455 | D:9      | Killed a one-headed hydra
  7488 | D:9      | Reached ***** piety under Okawaru
  7490 | D:9      | Reached skill level 11 in Long Blades
  7631 | D:10     | Entered Level 10 of the Dungeon
  7661 | D:10     | Found Teydan Naosu's Armour Shoppe.
  7664 | D:10     | Found a staircase to the Orcish Mines.
  7679 | D:10     | Found Puagg's Weapon Shoppe.
  7892 | D:10     | Killed an unseen horror
  7892 | D:10     | Reached skill level 5 in Dodging
  7892 | D:10     | Reached skill level 10 in Shields
  8201 | D:10     | Killed an unseen horror
  8255 | D:10     | Noticed a two-headed ogre
  8263 | D:10     | Killed a two-headed ogre
  8263 | D:10     | Received a gift from Okawaru
  8263 | D:10     | Reached XP level 11. HP: 93/95 MP: 10/10
  8429 | D:10     | Reached skill level 10 in Armour
  8568 | D:11     | Reached skill level 1 in Evocations
  8595 | D:11     | Received a gift from Okawaru
  8611 | D:11     | Reached skill level 12 in Long Blades
  8668 | D:11     | HP: 1/95 [manticore (17)]
  8672 | D:11     | Reached ****** piety under Okawaru
  9037 | D:11     | Found Ratoh's Armour Emporium.
  9103 | D:11     | Noticed a two-headed ogre
  9113 | D:11     | Killed a two-headed ogre
  9299 | D:11     | Noticed a seven-headed hydra
  9320 | D:11     | Killed a one-headed hydra
  9320 | D:11     | Reached skill level 1 in Axes
  9375 | D:11     | Cast into level 1 of the Abyss (orc)
  9430 | Abyss:1  | Found a shattered altar of Ashenzari.
  9437 | Abyss:1  | Noticed a mana viper
  9437 | Abyss:1  | Noticed a mana viper
  9439 | Abyss:1  | Received a gift from Okawaru
  9440 | Abyss:1  | Found a shattered altar of Ashenzari.
  9444 | Abyss:1  | Got a slimy chain mail {god gift}
  9595 | Abyss:1  | Reached skill level 1 in Invocations
  9616 | Abyss:1  | Found a corrupted altar of Lugonu.
  9649 | Abyss:1  | Noticed a tentacled starspawn
  9764 | Abyss:1  | Noticed a starcursed mass
  9776 | Abyss:1  | Identified the +1 chain mail of the King of the Hill {rF+
                  | Str-5 Int+2} (Okawaru gifted it to you on level 1 of the
                  | Abyss)
  9831 | Abyss:1  | Noticed a starcursed mass
  9853 | Abyss:1  | HP: 2/97 [starcursed mass/accursed screaming (8)]
  9854 | Abyss:1  | Killed from afar by a starcursed mass

Skill      XL: |  1  2  3  4  5  6  7  8  9 10 11 |
---------------+----------------------------------+-----
Armour         | 4 5 6 7 8 9 10 | 10.7
Fighting       | 4 5 6 7 8 9 |  9.4
Dodging        | 2 3 4 5 |  5.1
Long Blades    | 3 4 5 6 8 10 11 12 | 12.8
Shields        | 4 5 6 7 8 10 11 | 11.8
Stealth        | 1 2 |  2.7
Evocations     | 1 |  1.2
Axes           | 2 |  2.0
Invocations    | 1 |  1.0

Action                   |  1- 3 |  4- 6 |  7- 9 | 10-12 || total
-------------------------+-------+-------+-------+-------++-------
Melee: Long sword        |    78 |    62 |   424 |   403 ||   967
       Headbutt          |    16 |    16 |   100 |   101 ||   233
       Hand axe          |       |       |       |    17 ||    17
Invok: Heroism           |       |       |     1 |    10 ||    11
Evoke: Wand              |       |       |       |     6 ||     6
  Use: Potion            |     1 |       |       |     3 ||     4
       Scroll            |       |    14 |    12 |     6 ||    32
  Eat: Chunk             |       |     6 |    15 |     7 ||    28
Armor: Scale mail        |    40 |    16 |       |       ||    56
       Ring mail         |       |     4 |    75 |       ||    79
       Plate armour      |       |       |    34 |   174 ||   208
Dodge: Dodged            |    37 |    25 |   112 |   107 ||   281
Block: Shield            |    46 |    35 |   243 |   260 ||   584
       Rpst.: Long sword |     7 |     6 |    30 |    21 ||    64
